AoeStats
← thunder bun

Arabia

508412070Analyzed
1v1 RM · 8d ago on Sep 22, 2026· 33m 49s· 2 players
Game mode
Random Map
Map size
Tiny (2 player)
Population
200
Speed
Normal
Resources
Standard
Victory
Conquest
Starting age
Dark Age
Ending age
Imperial Age
RankedLock teamsTeams togetherTeam positionsShared explorationLock speedFull tech treeHidden civsTurbo modeCheats
Victory
Defeat
🇦🇷 Cumans · Argentina
2169
+17
🇹🇼 Mapuche · Taiwan
2193
-17
康寶羊
6:10 Loom
8:54 Feudal Age
10:22 Double-Bit Axe
17:02 Wheelbarrow
21:52 Castle Age
19:49 Gold Mining
19:40 Horse Collar
21:28 Bloodlines
21:23 Scale Barding Armor
22:27 Forging
23:09 Chain Barding Armor
27:43 Fletching
28:37 Bodkin Arrow
30:28 Gold Shaft Mining
30:28 Hand Cart
31:06 Padded Archer Armor
33:12 Leather Archer Armor
thunder bun
8:54 Loom
10:50 Feudal Age
11:42 Double-Bit Axe
11:41 Horse Collar
19:42 Castle Age
18:23 Fletching
19:51 Gold Mining
19:48 Crossbowman
20:40 Bodkin Arrow
27:40 Padded Archer Armor
30:44 Wheelbarrow
34:02 Imperial Age
33:33 Ballistics
Connection lost

Rejoining the realm…

Still unreachable

The connection could not be restored.

Session expired

The server has moved on; the page needs a fresh start.